 Dungeon Sprint DCSS version 0.29-a0-359-g541a27f54d (webtiles) character file.

Game seed: 7187867882651795887

2700000 Zeldest the Axe Maniac (level 18, -11/182 HPs)
             Began as a Mummy Warper on Apr 27, 2022.
             Was a High Priest of Makhleb.
             Mangled by a meat berserker
             ... wielding a +9 battleaxe
              (64 damage)
             ... in the Dungeon (Sprint VIII: "Arena of Blood").
             The game lasted 00:01:09 (27 turns).

Zeldest the Axe Maniac (Mummy Warper)                 Turns: 27, Time: 00:01:09

Health: -11/182    AC:  6    Str: 15    XL:     18   Next: 2%
Magic:  22/22      EV: 28    Int: 14    God:    Makhleb [*****.]
Gold:   0          SH:  0    Dex: 17    Spells: 22/22 levels left

rFire   x . .      SeeInvis .   e - +∞ Axe of Woe
rCold   + . .      Faith    .   (shield currently unavailable)
rNeg    + + +      Spirit   .   b - +0 leather armour
rPois   ∞          Reflect  .   (no helmet)
rElec   .          Harm     .   (no cloak)
rCorr   .          Rampage  .   (no gloves)
Will    ++...      NoTele   +   (no boots)
Stlth   +.........              (no amulet)
HPRegen 0.40/turn               (no ring)
MPRegen 0.18/turn               (no ring)

@: no status effects
A: cold resistance 1, negative energy resistance 3, torment resistance 2, heat
vulnerability 1, in touch with death 2, no potions
a: Renounce Religion, Minor Destruction, Lesser Servant of Makhleb, Major
Destruction, Greater Servant of Makhleb


You were in the Dungeon.
You worshipped Makhleb.
Makhleb was extremely pleased with you.
You visited 1 branch

Inventory:

Hand Weapons
 a - a +0 hand axe
 e - the +∞ Axe of Woe (weapon)
   (You found it in the Dungeon)
Missiles
 d - 7 boomerangs of dispersal (quivered)
Armour
 b - a +0 leather armour (worn)
Jewellery
 f - a +30 ring of slaying
Scrolls
 c - 2 scrolls of blinking


   Skills:
 O Level 27 Fighting
 O Level 27 Axes
 - Level 0.7 Throwing
 + Level 26.6 Armour
 + Level 26.6 Dodging
 - Level 2.6 Spellcasting
 - Level 2.4 Translocations


You had 22 spell levels left.
You didn't know any spells.
Your spell library contained the following spells:

 Spells                   Type           Power      Damage    Failure   Level
 Blink                    Tloc           16%        N/A       13%         2
 Gell's Gravitas          Tloc           8%         N/A       26%         3
 Lesser Beckoning         Tloc           8%         N/A       26%         3
 Teleport Other           Tloc           8%         N/A       26%         3
 Manifold Assault         Tloc           8%         N/A       94%         5


Dungeon Overview and Level Annotations

Branches:
Dungeon (1/1)

Altars:
Makhleb


Innate Abilities, Weirdness & Mutations

You are immune to poison.
Your flesh is cold resistant. (rC+)
You are immune to negative energy. (rN+++)
You are immune to unholy pain and torment.
You are vulnerable to heat. (rF-)
You are strongly in touch with the powers of death.
You do not drink.


Message History

Flame seeps out of the large bag of meat.
You chop the large bag of meat into pieces.
Makhleb accepts your kill.
You feel better.
You hit the bag of meat.
You butcher the bag of meat messily.
You kill the bag of meat!
Makhleb accepts your kill.
You slice the large bag of meat!!
Flame seeps out of the large bag of meat.
You slaughter the large bag of meat joyfully.
Makhleb accepts your kill.
You hit the bag of meat.
You cleave the bag of meat in twain.
You kill the bag of meat!
Makhleb accepts your kill.
The large bag of meat explodes!
The fiery explosion engulfs you!!! The fire burns you terribly!
The large bag of meat explodes!
The fiery explosion engulfs the large bag of meat!!
The fiery explosion engulfs you!! The fire burns you terribly!
The fiery explosion engulfs the meat berserker!!
You are engulfed in blazing flames.
You hear a shout! x7
The meat berserker is engulfed in blazing flames.
The meat berserker rages.
You hear a shout! x8
A bag of meat comes into view. It is wielding a +9 war axe.
You have mastered Fighting!
Your Armour skill gained 4 levels and is now at level 26!
Your Dodging skill gained 3 levels and is now at level 26!
You have reached level 18! 3 bags of meat and a meat berserker come into view.
The destroyer appears out of thin air!
A destroyer comes into view. It is wielding a +9 vorpal great sword.
You are engulfed in blazing flames.
* * * LOW HITPOINT WARNING * * *
The bag of meat shouts! x2; The meat berserker shouts!
You hear a shout! x4
The meat berserker is engulfed in blazing flames.
You hear a shout! x6
The meat berserker is engulfed in blazing flames.
The meat berserker hits you with a +9 battleaxe!!!
You die...

.. ..
.#........#.......# .
...#.... #.... ..# ..
#......###... ..###.
o..............###......
.......#........_.....
.....#......V#.....#
#.....§§...#_.<._# .
...#.@○§..o#.)...#....
.Ooo..O#OVOo)..)_.......
......Oo○§o....###......
.....Oo.oo###.......###.
........o.. #.......#
..........Oo#oo.o...#
...#o..o..o..........
..#.#.#o..............
o#§#.............o.


You could see 2 destroyers, 3 large bags of meat, 4 meat berserkers and 13 bags
of meat.

Vanquished Creatures
  7 ogres (D)
  2 two-headed ogres (D)
  12 orcs (D)
21 creatures vanquished.

Notes
Turn   | Place    | Note
-------+----------+-------------------------------------------
     0 | D        | Found the +∞ Axe of Woe
     0 | D        | Zeldest the Mummy Warper began the quest for the Orb.
     0 | D        | Reached XP level 1. HP: 16/16 MP: 4/4
     1 | D        | Noticed a bag of meat
     2 | D        | Noticed a meat berserker
     3 | D        | Became a worshipper of Makhleb the Destroyer
     4 | D        | Killed a meat berserker
     5 | D        | Reached XP level 2. HP: 41/41 MP: 5/5
     5 | D        | Gained mutation: You are in touch with the powers of death.
                  | [Mummy growth]
     5 | D        | Reached XP level 3. HP: 47/47 MP: 7/7
     5 | D        | Reached XP level 4. HP: 54/54 MP: 8/8
     5 | D        | Reached XP level 5. HP: 60/60 MP: 9/9
     5 | D        | Reached XP level 6. HP: 67/67 MP: 10/10
     5 | D        | Reached XP level 7. HP: 73/73 MP: 11/11
     5 | D        | Reached XP level 8. HP: 80/80 MP: 12/12
     5 | D        | Reached XP level 9. HP: 86/86 MP: 13/13
     5 | D        | Reached XP level 10. HP: 93/93 MP: 14/14
     5 | D        | Reached XP level 11. HP: 99/99 MP: 15/15
     5 | D        | Killed a bag of meat
     5 | D        | Reached * piety under Makhleb
     6 | D        | Reached skill level 15 in Fighting
     6 | D        | Reached XP level 12. HP: 109/109 MP: 16/16
     8 | D        | Noticed a bag of meat
     8 | D        | Noticed a bag of meat
     8 | D        | Noticed a bag of meat
     9 | D        | Noticed a meat berserker
     9 | D        | Noticed a meat berserker
    10 | D        | Noticed a bag of meat
    10 | D        | Noticed a meat berserker
    11 | D        | Killed a bag of meat
    11 | D        | Noticed a bag of meat
    12 | D        | Gained mutation: You are strongly in touch with the powers
                  | of death. [Mummy growth]
    12 | D        | Reached XP level 13. HP: 117/117 MP: 17/17
    12 | D        | Noticed a bag of meat
    12 | D        | Noticed a bag of meat
    12 | D        | Noticed a bag of meat
    13 | D        | Killed a meat berserker
    13 | D        | Noticed a bag of meat
    13 | D        | Noticed a bag of meat
    14 | D        | Noticed a large bag of meat
    14 | D        | Killed a meat berserker
    14 | D        | Reached ** piety under Makhleb
    15 | D        | Reached skill level 15 in Armour
    15 | D        | Reached skill level 15 in Dodging
    15 | D        | Reached XP level 14. HP: 131/131 MP: 18/18
    15 | D        | Noticed a bag of meat
    15 | D        | Noticed a bag of meat
    16 | D        | Noticed a meat berserker
    16 | D        | Noticed a bag of meat
    17 | D        | Killed a meat berserker
    17 | D        | Killed a bag of meat
    17 | D        | Noticed a bag of meat
    17 | D        | Noticed a meat berserker
    18 | D        | Reached XP level 15. HP: 141/141 MP: 19/19
    18 | D        | Reached *** piety under Makhleb
    19 | D        | Noticed a meat berserker
    20 | D        | Noticed a large bag of meat
    20 | D        | Noticed a meat berserker
    20 | D        | Noticed a large bag of meat
    21 | D        | Killed a meat berserker
    21 | D        | Reached **** piety under Makhleb
    21 | D        | Noticed a large bag of meat
    22 | D        | Reached XP level 16. HP: 142/156 MP: 20/20
    22 | D        | Noticed a large bag of meat
    22 | D        | Killed a meat berserker
    23 | D        | Reached skill level 27 in Axes
    23 | D        | Noticed a destroyer
    23 | D        | Noticed a meat berserker
    23 | D        | Noticed a meat berserker
    23 | D        | Noticed a meat berserker
    24 | D        | Killed a meat berserker
    24 | D        | Reached ***** piety under Makhleb
    24 | D        | Noticed a large bag of meat
    25 | D        | Reached XP level 17. HP: 173/173 MP: 21/21
    26 | D        | Killed a large bag of meat
    26 | D        | Killed a large bag of meat
    27 | D        | Reached skill level 27 in Fighting
    27 | D        | Reached XP level 18. HP: 90/182 MP: 22/22
    27 | D        | Noticed a meat berserker
    27 | D        | Mangled by a meat berserker

Illustrated notes

Levels and vault maps discovered:
D:        meatsprint

Skill      XL: |  1  2  3  4  5  6  7  8  9 10 11 12 13 14 15 16 17 |
---------------+----------------------------------------------------+-----
Fighting       | 13 15 18 20 22 26 27 | 27.0
Axes           | 16 17 18 21 23 26 27 | 27.0
Armour         | 11 12 13 15 17 19 22 26 | 26.6
Dodging        | 11 12 13 15 17 19 23 26 | 26.6
Throwing       | |  0.7
Spellcasting   | |  2.6
Translocations | |  2.4

Action                   |  1- 3 |  4- 6 |  7- 9 | 10-12 | 13-15 | 16-18 || total
-------------------------+-------+-------+-------+-------+-------+-------++-------
Melee: Executioner's axe |     1 |       |       |     2 |     5 |     3 ||    11

Table legend: (Time is in decaauts)
 A = Elapsed time spent in this place.
 B = Non-inter-level travel time spent in this place.
 C = Inter-level travel time spent in this place.
 D = Time resting spent in this place.
 E = Time spent auto-exploring this place.
 F = Levels seen in this place.
 G = Mean time per level.
                   A        B        C        D        E       F      G
               +--------+--------+--------+--------+--------+-----+--------+
         Total |     25 |     25 |      0 |      0 |      0 |   1 |   25.0 |
       Dungeon |     25 |     25 |      0 |      0 |      0 |   1 |   25.0 |
               +--------+--------+--------+--------+--------+-----+--------+

Top non-repeatable levels by time:
       D: 25 daAuts
